cohdb
Replays
Latest Replays
All Replays
Popular Replays
Top Player Replays
Match Explorer
How It Works
Community
CoH3 Stats
Reddit
Sign in to upload your games and track your stats! →
Sign in with Steam
Match 20114346
Unlisted
Match 20114346
Overview
Messages
Build Orders
End
Vickers Machine Gun Team
Construct Section Command Post
Infantry Section
Selects Heavy Armor Battlegroup
Infantry Section
Infantry Section
Construct Field Infirmary
Grenade Package
Selects Rigorous Vehicle Training
Construct Platoon Command Post
Infantry Training
Selects Crusader AA Medium Tank
Crusader AA Medium Tank
Construct Company Command Post
Foot Guards Section
Foot Guards Section
Unlock M3 Grant Medium Tanks
M3 Grant Medium Tank
Selects Churchill Black Prince Heavy Tank
germanpritykin
MonoChrome
matwyr
Hi
0
0
Comments
sign in to comment!
No comments posted yet!